 Dungeon Crawl Stone Soup version 0.29-a0-323-g050149af67 (webtiles) character file.

Game seed: 12141269229502054587

309 zishaf the Magician (level 5, -5/46 HPs)
             Began as a Demigod Wanderer on Apr 11, 2022.
             Splashed by a jelly's acid (8 damage)
             ... on level 4 of the Dungeon.
             The game lasted 00:04:59 (3697 turns).

zishaf the Magician (Demigod Wanderer)              Turns: 3697, Time: 00:05:00

Health: -5/46      AC: -8    Str: 14    XL:     5   Next: 95%
Magic:  14/14      EV: 12    Int: 21    God:
Gold:   110        SH:  0    Dex: 15    Spells: 9/13 levels left

rFire   . . .      SeeInvis .   a - +2 whip (venom)
rCold   . . .      Faith    .   (no shield)
rNeg    . . .      Spirit   .   e - +0 leather armour
rPois   .          Reflect  .   (no helmet)
rElec   .          Harm     .   (no cloak)
rCorr   .          Rampage  .   (no gloves)
Will    .....                   (no boots)
Stlth   +.........              (no amulet)
HPRegen 0.15/turn               g - +6 ring of intelligence
MPRegen 0.14/turn               (no ring)

@: corroded
A: high MP 1, forlorn, divine attributes
a: no special abilities


You were on level 4 of the Dungeon.
You visited 1 branch of the dungeon, and saw 4 of its levels.

You collected 110 gold pieces.

Inventory:

Hand Weapons
 a - a +2 whip of venom (weapon)
 f - a +0 dagger
Missiles
 b - 2 throwing nets (quivered)
 u - 6 silver javelins
Armour
 e - a +0 leather armour (worn)
Magical Staves
 t - a staff of conjuration
Jewellery
 g - a +6 ring of intelligence (left hand)
Wands
 q - a wand of polymorph (8)
Scrolls
 d - 2 scrolls of fog
 h - a scroll of vulnerability
 j - 2 scrolls of amnesia
 k - 3 scrolls of teleportation
 m - 2 scrolls of magic mapping
 n - a scroll of acquirement {unknown}
Potions
 c - 2 potions of attraction
 i - 3 potions of heal wounds
 l - 2 potions of flight
 o - a potion of lignification {unknown}
 p - a potion of curing {unknown}
 r - a potion of degeneration {unknown}
 s - a potion of ambrosia {unknown}


   Skills:
 + Level 4.1 Fighting
 - Level 2.0 Armour
 - Level 2.6 Dodging
 - Level 4.5 Spellcasting
 + Level 2.2 Conjurations
 + Level 2.2 Hexes


You had 9 spell levels left.
You knew the following spells:

 Your Spells              Type           Power      Damage    Failure   Level
a - Slow                  Hex            56%        N/A       5%          1
b - Dazzling Flash        Conj/Hex       28%        N/A       16%         3

Your spell library contained the following spells:

 Spells                   Type           Power      Damage    Failure   Level


Dungeon Overview and Level Annotations

Branches:
Dungeon (4/15)
 Temple: D:4-7

Shops:
D:1 !


Innate Abilities, Weirdness & Mutations

You have an increased reservoir of magic. (+10% MP)
You shall have no god before yourself.
Your divine heritage dramatically boosts your attributes as you level up.


Message History

You now have 110 gold pieces (gained 14).
There is a stone staircase leading up here.
You see here a +0 scale mail.
There is an escape hatch in the ceiling here.
A jelly comes into view.
A giant cockroach and an iguana come into view.
The iguana hisses angrily.
The jelly quivers.
The giant cockroach bites you.
You closely miss the giant cockroach. The giant cockroach bites you.
You hit the giant cockroach.
The giant cockroach is poisoned.
The giant cockroach is moderately wounded.
You kill the giant cockroach!
The jelly attacks as you move away! The jelly hits you. The acid corrodes you!
You are splashed with acid!
The iguana attacks as you move away! The iguana bites you!
You are too injured to fight recklessly!
You hit the jelly.
Your hands burn!
The jelly is lightly wounded.
The jelly misses you.
You hit the jelly. The acid corrodes you!
Your hands burn!
* * * LOW HITPOINT WARNING * * *
The jelly is heavily wounded.
The jelly barely misses you.
You hit the jelly.
Your hands burn!
* * * LOW HITPOINT WARNING * * *
The jelly is heavily wounded.
The jelly closely misses you.
You hit the jelly but do no damage. The acid corrodes you!
Your hands burn!
* * * LOW HITPOINT WARNING * * *
The jelly is heavily wounded.
The jelly misses you.
You hit the jelly.
Your hands burn!
* * * LOW HITPOINT WARNING * * *
The jelly is almost dead.
The jelly jiggles.
The jelly hits you.
* * * LOW HITPOINT WARNING * * *
You are splashed with acid!
You die...

.. .# ... .#
###..##.# .......###
.. .### ..#.....#
##.# .....#.......
.... #
#......##......
#...#####.....####.#
#......@Jl.##....#.#
# #....#####.#
##.#.##### #..
#.####....#.... #
#.............#
##<..##..####†.
#..#..#..# #..
#.##.....# #.#
.######..>.....# ##.#
.........####..###...


You could see an iguana and a jelly.

Vanquished Creatures
  An ice beast (D:3)
  2 scorpions (D:4)
  A gnoll (D:1)
  2 adders (D:3)
  A dart slug (D:1)
  An orc (D:3)
  5 endoplasms
  8 giant cockroaches
  6 goblins
  5 hobgoblins
  4 jackals (D:3)
  10 kobolds
  A quokka (D:2)
  5 ball pythons
  9 bats
  4 frilled lizards
  3 rats
68 creatures vanquished.

Notes
Turn   | Place    | Note
-------+----------+-------------------------------------------
     0 | D:1      | zishaf the Demigod Wanderer began the quest for the Orb.
     0 | D:1      | zishaf set off with the following items: a +0 dagger, 2
                  | throwing nets, a potion of attraction, a scroll of fog, a
                  | +0 leather armour; and the following spell memorised: Slow;
                  | and the following spells available to memorise: Dazzling
                  | Flash
     0 | D:1      | Reached XP level 1. HP: 14/14 MP: 8/8
    73 | D:1      | Found Myacs's Distillery.
   342 | D:1      | Reached skill level 1 in Fighting
   416 | D:1      | Reached XP level 2. HP: 20/23 MP: 10/10
  1008 | D:1      | Reached XP level 3. HP: 22/30 MP: 11/11
  2430 | D:3      | Noticed an ice beast
  2482 | D:3      | Learned a level 3 spell: Dazzling Flash
  2829 | D:3      | Reached XP level 4. HP: 38/38 MP: 13/13
  2872 | D:3      | Killed an ice beast
  2873 | D:3      | Reached skill level 1 in Conjurations
  2873 | D:3      | Reached skill level 1 in Hexes
  2873 | D:3      | Reached XP level 5. HP: 3/46 MP: 14/14
  3697 | D:4      | Splashed by a jelly's acid

Illustrated notes

Levels and vault maps discovered:
D:1:      onia_arrival_mini_spirals, layout_loops_ring, serial_shops,
          nicolae_shop_stone, serial_bayou_pond_a, minmay_heptomino_o4
D:2:      layout_loops_cross, hellmonk_ecumenical_altar_zigzags
D:3:      layout_loops_cross, grunt_decor_one_mirror
D:4:      layout_rooms, uniq_grinder

Skill      XL: |  1  2  3  4  5 |
---------------+----------------+-----
Armour         | 2 |  2.0
Fighting       | 1 2 3 4 |  4.1
Conjurations   | 1 2 |  2.2
Hexes          | 1 2 |  2.2
Dodging        | |  2.6
Spellcasting   | |  4.5

Action                   |  1- 3 |  4- 6 || total
-------------------------+-------+-------++-------
Melee: Dagger            |    34 |       ||    34
       Whip              |   120 |    44 ||   164
       Punch             |     2 |       ||     2
  Use: Scroll            |     8 |       ||     8
 Stab: Sleeping          |     3 |       ||     3
       Distracted        |     1 |       ||     1
Armor: Leather armour    |    41 |     8 ||    49
Dodge: Dodged            |   109 |    24 ||   133

Table legend: (Time is in decaauts)
 A = Elapsed time spent in this place.
 B = Non-inter-level travel time spent in this place.
 C = Inter-level travel time spent in this place.
 D = Time resting spent in this place.
 E = Time spent auto-exploring this place.
 F = Levels seen in this place.
 G = Mean time per level.
                   A        B        C        D        E       F      G
               +--------+--------+--------+--------+--------+-----+--------+
         Total |   3713 |   3629 |     84 |    435 |   2660 |   4 |  928.2 |
       Dungeon |   3713 |   3629 |     84 |    435 |   2660 |   4 |  928.2 |
               +--------+--------+--------+--------+--------+-----+--------+

Top non-repeatable levels by time:
     D:1: 1622 daAuts
     D:3: 1000 daAuts
     D:2: 852 daAuts
     D:4: 237 daAuts
